IL
LEHIGH VALLEY IRONPIGS @ EL PASO CHIHUAHUAS
07/13/2045
 
TOP OF THE 1ST
Lehigh Valley IronPigs batting - Pitching for El Paso Chihuahuas : RHP Victor Moreno
Pitching: RHP Victor Moreno
Batting: RHB Mitch Boyd 0-0: Ball
1-0: Ground out 6-3 (Groundball, 6, EV 106.9 MPH)
Batting: SHB Cesar Arteaga 0-0: Called Strike
0-1: SINGLE (Groundball, 34D, EV 111.9 MPH)
Batting: SHB Lance Franklin 0-0: Ball
1-0: Ball
2-0: Ball
3-0: Fielders Choice at 2nd, 3-6 (Groundball, 3, EV 92.5 MPH)
Batting: RHB Josh Hensley 0-0: Foul Ball, location: 2F
0-1: Ball
1-1: Ball
2-1: Foul Ball, location: 2F
2-2: 2-RUN HOME RUN (Flyball, 7D, EV 98.8 MPH), Distance : 418 ft
Batting: LHB Michael Tuttle 0-0: Called Strike
0-1: Hit by Pitch
Batting: RHB Chris Pounds 0-0: Called Strike
0-1: Ball
1-1: Ground out 4-3 (Groundball, 4, EV 91.9 MPH)
Top of the 1st over - 2 runs, 2 hits, 0 errors, 1 left on base; Lehigh Valley 2 - El Paso 0
BOTTOM OF THE 1ST
El Paso Chihuahuas batting - Pitching for Lehigh Valley IronPigs : LHP Isaias Felix
Pitching: LHP Isaias Felix
Batting: RHB Rudolf Gommers 0-0: Ball
1-0: Ball
2-0: Foul Ball, location: 2F
2-1: Ball
3-1: Base on Balls
Batting: RHB Juan Martinez 0-0: Ball
1-0: Fly out, F8 (Flyball, 78D, EV 84.4 MPH)
Batting: RHB Itsuo Yoshioka 0-0: Called Strike
0-1: Called Strike
0-2: Ball
1-2: Ball
2-2: Strikes out swinging
Batting: RHB Terry Jarrells 0-0: Ball
1-0: Foul Ball, location: 2F
1-1: Ball
2-1: Swinging Strike
2-2: Foul Ball, location: 2F
2-2: Strikes out looking
Bottom of the 1st over - 0 runs, 0 hits, 0 errors, 1 left on base; Lehigh Valley 2 - El Paso 0
TOP OF THE 2ND
Lehigh Valley IronPigs batting - Pitching for El Paso Chihuahuas : RHP Victor Moreno
Batting: RHB Kory Sanchez 0-0: Called Strike
0-1: Ball
1-1: Ball
2-1: Ball
3-1: Base on Balls
Batting: LHB Darrell Ortega 0-0: Called Strike
0-1: Fly out, F8 (Flyball, 8RD, EV 100.6 MPH)
Batting: RHB Moritake Fukumoto 0-0: Ball
1-0: Grounds into double play, 5-4-3 (Groundball, 5L, EV 100.6 MPH)
Top of the 2nd over - 0 runs, 0 hits, 0 errors, 0 left on base; Lehigh Valley 2 - El Paso 0
BOTTOM OF THE 2ND
El Paso Chihuahuas batting - Pitching for Lehigh Valley IronPigs : LHP Isaias Felix
Batting: RHB Ryan Alban 0-0: Fly out, F5 (Popup, 56, EV 81.9 MPH)
Batting: SHB Steve Killion 0-0: Called Strike
0-1: Ball
1-1: Ball
2-1: Foul Ball, location: 2F
2-2: Foul Ball, location: 2F
2-2: Ground out 6-3 (Groundball, 6, EV 76.9 MPH)
Batting: RHB Kiril Emeshin 0-0: Called Strike
0-1: Ball
1-1: Ball
2-1: Called Strike
2-2: Ball
3-2: Foul Ball, location: 2F
3-2: Ground out 5-3 (Groundball, 56S, EV 88.8 MPH)
Bottom of the 2nd over - 0 runs, 0 hits, 0 errors, 0 left on base; Lehigh Valley 2 - El Paso 0
TOP OF THE 3RD
Lehigh Valley IronPigs batting - Pitching for El Paso Chihuahuas : RHP Victor Moreno
Batting: RHB Mitch Boyd 0-0: Ball
1-0: Ball
2-0: Called Strike
2-1: Ground out 6-3 (Groundball, 6, EV 101.2 MPH)
Batting: SHB Cesar Arteaga 0-0: Called Strike
0-1: Foul Ball, location: 2F
0-2: Strikes out swinging
Batting: SHB Lance Franklin 0-0: Ball
1-0: Ball
2-0: Fly out, F5 (Line Drive, 5, EV 64.4 MPH)
Top of the 3rd over - 0 runs, 0 hits, 0 errors, 0 left on base; Lehigh Valley 2 - El Paso 0
BOTTOM OF THE 3RD
El Paso Chihuahuas batting - Pitching for Lehigh Valley IronPigs : LHP Isaias Felix
Batting: SHB Chris Haugen 0-0: Fly out, F7 (Flyball, 78S, EV 86.9 MPH)
Batting: LHB Helmut Steggall 0-0: Ground out 6-3 (Groundball, 6, EV 86.2 MPH)
Batting: RHB Rudolf Gommers 0-0: Ball
1-0: Ball
2-0: Ball
3-0: Called Strike
3-1: Foul Ball, location: 2F
3-2: Foul Ball, location: 2F
3-2: Foul Ball, location: 2F
3-2: Base on Balls
Batting: RHB Juan Martinez 0-0: Swinging Strike
0-1: Ball
1-1: Fielders Choice at 2nd, 5-4 (Groundball, 56, EV 103.1 MPH)
Bottom of the 3rd over - 0 runs, 0 hits, 0 errors, 1 left on base; Lehigh Valley 2 - El Paso 0
TOP OF THE 4TH
Lehigh Valley IronPigs batting - Pitching for El Paso Chihuahuas : RHP Victor Moreno
Batting: RHB Josh Hensley 0-0: Ball
1-0: Ball
2-0: Called Strike
2-1: Ball
3-1: Called Strike
3-2: Fly out, F9 (Flyball, 89D, EV 96.9 MPH)
Batting: LHB Michael Tuttle 0-0: SOLO HOME RUN (Flyball, 9D, EV 96.2 MPH), Distance : 386 ft
Batting: RHB Chris Pounds 0-0: Called Strike
0-1: Foul Ball, location: 2F
0-2: Ball
1-2: SOLO HOME RUN (Flyball, 9D, EV 98.1 MPH), Distance : 373 ft
Batting: RHB Kory Sanchez 0-0: Ball
1-0: Ball
2-0: Ground out 4-3 (Groundball, 4, EV 80.6 MPH)
Batting: LHB Darrell Ortega 0-0: Ball
1-0: Foul Ball, location: 2F
1-1: Ball
2-1: Ground out 5-3 (Groundball, 56, EV 106.2 MPH)
Top of the 4th over - 2 runs, 2 hits, 0 errors, 0 left on base; Lehigh Valley 4 - El Paso 0
BOTTOM OF THE 4TH
El Paso Chihuahuas batting - Pitching for Lehigh Valley IronPigs : LHP Isaias Felix
Batting: RHB Itsuo Yoshioka 0-0: Ball
1-0: Swinging Strike
1-1: Foul Ball, location: 2F
1-2: Ball
2-2: Foul Ball, location: 2F
2-2: Ball
3-2: Foul Ball, location: 2F
3-2: Fly out, F9 (Flyball, 89D, EV 91.9 MPH)
Batting: RHB Terry Jarrells 0-0: Ground out 4-3 (Groundball, 4, EV 104.4 MPH)
Batting: RHB Ryan Alban 0-0: Called Strike
0-1: Foul Ball, location: 2F
0-2: Foul Ball, location: 2F
0-2: Strikes out swinging
Bottom of the 4th over - 0 runs, 0 hits, 0 errors, 0 left on base; Lehigh Valley 4 - El Paso 0
TOP OF THE 5TH
Lehigh Valley IronPigs batting - Pitching for El Paso Chihuahuas : RHP Victor Moreno
Batting: RHB Moritake Fukumoto 0-0: Called Strike
0-1: Ball
1-1: Ball
2-1: Foul Ball, location: 2F
2-2: Ball
3-2: Foul Ball, location: 2F
3-2: SINGLE (Line Drive, 78S, EV 104.4 MPH)
Batting: RHB Mitch Boyd 0-0: Ball
1-0: Called Strike
1-1: Fly out, F4 (Popup, 4M, EV 74.4 MPH)
Batting: SHB Cesar Arteaga 0-0: Ball
1-0: Called Strike
1-1: Ball
2-1: Grounds into double play, 6-4-3 (Groundball, 6, EV 99.4 MPH)
Top of the 5th over - 0 runs, 1 hit, 0 errors, 0 left on base; Lehigh Valley 4 - El Paso 0
BOTTOM OF THE 5TH
El Paso Chihuahuas batting - Pitching for Lehigh Valley IronPigs : LHP Isaias Felix
Batting: SHB Steve Killion 0-0: Ball
1-0: Foul Ball, location: 2F
1-1: Ball
2-1: Ball
3-1: Base on Balls
Batting: RHB Kiril Emeshin 0-0: Called Strike
0-1: Called Strike
Steve Killion is caught stealing 2nd base 2-4
0-2: Hit by Pitch
Batting: SHB Chris Haugen 0-0: Ball
Kiril Emeshin is caught stealing 2nd base 2-4
1-0: Ball
2-0: SINGLE (Line Drive, 8LS, EV 107.5 MPH)
Batting: LHB Helmut Steggall 0-0: Ball
1-0: Fly out, F6 (Popup, 6M, EV 72.5 MPH)
Bottom of the 5th over - 0 runs, 1 hit, 0 errors, 1 left on base; Lehigh Valley 4 - El Paso 0
TOP OF THE 6TH
Lehigh Valley IronPigs batting - Pitching for El Paso Chihuahuas : RHP Victor Moreno
Batting: SHB Lance Franklin 0-0: Ball
1-0: Called Strike
1-1: Ball
2-1: Foul Ball, location: 2F
2-2: Ball
3-2: Strikes out looking
Batting: RHB Josh Hensley 0-0: Swinging Strike
0-1: Ball
1-1: Ground out 6-3 (Groundball, 6, EV 97.5 MPH)
Batting: LHB Michael Tuttle 0-0: Ball
1-0: Ball
2-0: Foul Ball, location: 2F
2-1: Ball
3-1: DOUBLE (Groundball, 3L, EV 106.9 MPH)
Batting: RHB Chris Pounds 0-0: Foul Ball, location: 2F
0-1: Ball
1-1: Ball
2-1: Fly out, F7 (Flyball, 78D, EV 96.9 MPH)
Top of the 6th over - 0 runs, 1 hit, 0 errors, 1 left on base; Lehigh Valley 4 - El Paso 0
BOTTOM OF THE 6TH
El Paso Chihuahuas batting - Pitching for Lehigh Valley IronPigs : LHP Isaias Felix
Batting: RHB Rudolf Gommers 0-0: Called Strike
0-1: Ball
1-1: Foul Ball, location: 2F
1-2: SINGLE (Groundball, 56S, EV 72.5 MPH) (infield hit)
Batting: RHB Juan Martinez 0-0: Called Strike
0-1: Fly out, F6 (Line Drive, 6, EV 66.2 MPH)
Batting: RHB Itsuo Yoshioka 0-0: Foul Ball, location: 2F
0-1: Foul Ball, location: 2F
0-2: Foul Ball, location: 2F
0-2: Ball
1-2: Foul Ball, location: 2F
1-2: Strikes out looking
Batting: RHB Terry Jarrells 0-0: Ball
1-0: Ball
Wild Pitch!
Rudolf Gommers to second
2-0: Ball
3-0: Called Strike
3-1: Base on Balls
Batting: RHB Ryan Alban 0-0: Ball
1-0: Foul Ball, location: 2F
1-1: Ball
2-1: Foul Ball, location: 2F
2-2: Foul Ball, location: 2F
2-2: Ball
3-2: Foul Ball, location: 2F
3-2: Reached on error, E5 (Groundball, 5, EV 85.0 MPH)
Rudolf Gommers to third
Terry Jarrells to second
Pitching: RHP John Capparelli
Batting: SHB Steve Killion 0-0: Ball
1-0: Foul Ball, location: 2F
1-1: Fly out, F8 (Line Drive, 8LM, EV 93.8 MPH)
Bottom of the 6th over - 0 runs, 1 hit, 1 error, 3 left on base; Lehigh Valley 4 - El Paso 0
TOP OF THE 7TH
Lehigh Valley IronPigs batting - Pitching for El Paso Chihuahuas : RHP Victor Moreno
Batting: RHB Kory Sanchez 0-0: Foul Ball, location: 2F
0-1: Swinging Strike
0-2: Ball
1-2: Foul Ball, location: 2F
1-2: Foul Ball, location: 2F
1-2: Foul Ball, location: 2F
1-2: Strikes out swinging
Batting: LHB Darrell Ortega 0-0: Swinging Strike
0-1: Ball
1-1: Ball
2-1: Foul Ball, location: 2F
2-2: SINGLE (Line Drive, 4M, EV 97.5 MPH)
Pitching: LHP Armando Florez
Batting: RHB Moritake Fukumoto 0-0: Called Strike
0-1: Swinging Strike
0-2: Grounds into double play, 4-6-3 (Groundball, 4, EV 81.2 MPH)
Top of the 7th over - 0 runs, 1 hit, 0 errors, 0 left on base; Lehigh Valley 4 - El Paso 0
BOTTOM OF THE 7TH
El Paso Chihuahuas batting - Pitching for Lehigh Valley IronPigs : RHP John Capparelli
Batting: RHB Kiril Emeshin 0-0: Called Strike
0-1: Ball
1-1: Foul Ball, location: 2F
1-2: Ground out 5-3 (Groundball, 56S, EV 83.8 MPH)
Batting: SHB Chris Haugen 0-0: Ball
1-0: Ball
2-0: Foul Ball, location: 2F
2-1: Called Strike
2-2: Fly out, F9 (Flyball, 9LS, EV 86.2 MPH)
Batting: LHB Helmut Steggall 0-0: Swinging Strike
0-1: Ball
1-1: Foul Ball, location: 2F
1-2: Fly out, F7 (Flyball, 78D, EV 103.1 MPH)
Bottom of the 7th over - 0 runs, 0 hits, 0 errors, 0 left on base; Lehigh Valley 4 - El Paso 0
TOP OF THE 8TH
Lehigh Valley IronPigs batting - Pitching for El Paso Chihuahuas : LHP Armando Florez
Batting: RHB Mitch Boyd 0-0: Ground out 1-3 (Groundball, 13, EV 71.2 MPH)
Batting: SHB Cesar Arteaga 0-0: Ball
1-0: Ball
2-0: Called Strike
2-1: Swinging Strike
2-2: Strikes out swinging
Batting: SHB Lance Franklin 0-0: Swinging Strike
0-1: Ground out 5-3 (Groundball, 5, EV 85.0 MPH)
Top of the 8th over - 0 runs, 0 hits, 0 errors, 0 left on base; Lehigh Valley 4 - El Paso 0
BOTTOM OF THE 8TH
El Paso Chihuahuas batting - Pitching for Lehigh Valley IronPigs : RHP John Capparelli
Batting: RHB Rudolf Gommers 0-0: Ball
1-0: Foul Ball, location: 2F
1-1: SINGLE (Line Drive, 78S, EV 89.4 MPH)
Pinch Hitting: LHB Conrad Taylor 0-0: SINGLE (Groundball, 25, EV 70.0 MPH) (infield hit)
Rudolf Gommers to second
Batting: RHB Itsuo Yoshioka 0-0: Ball
1-0: Foul Ball, location: 2F
1-1: Grounds into double play, 6-4-3 (Groundball, 56, EV 79.4 MPH)
Rudolf Gommers to third
Batting: RHB Terry Jarrells 0-0: Ball
1-0: Ball
2-0: SINGLE (Groundball, 4MD, EV 102.5 MPH) (infield hit)
Rudolf Gommers scores
Batting: RHB Ryan Alban 0-0: Ball
1-0: Ball
2-0: Called Strike
2-1: Ball
3-1: Foul Ball, location: 2F
3-2: Fly out, F4 (Popup, 4MD, EV 44.4 MPH)
Bottom of the 8th over - 1 run, 3 hits, 0 errors, 1 left on base; Lehigh Valley 4 - El Paso 1
TOP OF THE 9TH
Lehigh Valley IronPigs batting - Pitching for El Paso Chihuahuas : LHP Armando Florez
Now in CF: Min-chin Yi
Batting: RHB Josh Hensley 0-0: Ball
1-0: SINGLE (Groundball, 4MD, EV 94.4 MPH)
Batting: LHB Michael Tuttle 0-0: Called Strike
0-1: Grounds into double play, 4-6-3 (Groundball, 4, EV 86.9 MPH)
Batting: RHB Chris Pounds 0-0: Called Strike
0-1: Called Strike
0-2: Fly out, F4 (Popup, 3S, EV 85.6 MPH)
Top of the 9th over - 0 runs, 1 hit, 0 errors, 0 left on base; Lehigh Valley 4 - El Paso 1
BOTTOM OF THE 9TH
El Paso Chihuahuas batting - Pitching for Lehigh Valley IronPigs : RHP John Capparelli
Pitching: RHP Derek Ziolkowski
Batting: SHB Steve Killion 0-0: Ball
1-0: Called Strike
1-1: Ground out 4-3 (Groundball, 4, EV 99.4 MPH)
Batting: RHB Kiril Emeshin 0-0: Ball
1-0: Ball
2-0: Ball
3-0: Called Strike
3-1: Base on Balls
Batting: SHB Chris Haugen 0-0: Ball
Wild Pitch!
Kiril Emeshin to second
1-0: Ball
2-0: Swinging Strike
2-1: Fly out, F9 (Line Drive, 9D, EV 92.5 MPH)
Batting: LHB Helmut Steggall 0-0: Swinging Strike
0-1: Ball
1-1: Ball
2-1: Foul Ball, location: 2F
2-2: Foul Ball, location: 2F
2-2: Ball
3-2: Base on Balls
Batting: RHB Rudolf Gommers 0-0: Foul Ball, location: 2F
0-1: Ball
1-1: Fly out, F8 (Flyball, 8LXD, EV 90.0 MPH)
Bottom of the 9th over - 0 runs, 0 hits, 0 errors, 2 left on base; Lehigh Valley 4 - El Paso 1
Wednesday, June 22nd , 2022 - OOTP Baseball 23.4 Build 64